 Dungeon Crawl Stone Soup version 0.30-a0-618-gd6c86c23d0 (webtiles) character file.

Game seed: 16662537900967732628

52201 whiskeysaurus the Convoker (level 14, 0/116 HPs)
             Began as a Barachi Summoner on Jan 9, 2023.
             Was an Initiate of Gozag.
             Killed from afar by a deep elf zephyrmancer (24 damage)
             ... with a bolt of lightning
             ... on level 2 of the Orcish Mines.
             The game lasted 01:24:58 (33453 turns).

whiskeysaurus the Convoker (Barachi Summoner)      Turns: 33453, Time: 01:24:59

Health: 0/116      AC: 26    Str: 11    XL:     14   Next: 63%
Magic:  26/30      EV: 14    Int: 18    God:    Gozag
Gold:   4001       SH:  0    Dex: 16    Spells: 15/38 levels left

rFire   + + +      SeeInvis .    u - +1 halberd
rCold   . . .      Faith    .    (shield currently unavailable)
rNeg    . . .      Spirit   .    L - +8 fire dragon scales of the Hidden Vale {Fly rF++ rC- Dex+2}
rPois   .          Reflect  .    y - +1 helmet
rElec   .          Harm     .    P - scarf {rC+ rF+}
rCorr   .          Rampage  .    n - +0 pair of gloves
Will    +....                    p - +0 pair of boots Stlth
                                 (no amulet)
HPRegen 0.39/turn                m - +5 ring of evasion
MPRegen 0.22/turn                r - ring of wizardry

@: on fire, flying, glowing, studying Stealth, slow
A: amphibious, slowness 1, strong legs 2, +LOS
a: Hop, Renounce Religion, Potion Petition, Call Merchant, Bribe Branch


You were on level 2 of the Orcish Mines.
You worshipped Gozag.
Gozag was most pleased with you.
You visited 4 branches of the dungeon, and saw 19 of its levels.
You also visited: Ossuary and Ice Cave.

You collected 5915 gold pieces.
You spent 1757 gold pieces at shops.
You paid 157 gold pieces to Gozag.

Inventory:

Hand Weapons
 g - a +2 dagger of venom
 u - a +1 halberd (weapon)
 N - a +1 demon whip of venom
 T - a +2 scythe of freezing
 U - the +8 frozen axe "Frostbite" {freeze, freezing cloud, *Noise Fly rC+}
   (You found it in an ice cave)

   It occasionally leaves clouds of freezing vapour upon striking a foe.
   It grants immunity to clouds of freezing vapour.
   rC:        It protects you from cold.
   Fly:       It grants you flight.
   *Noise:    It may make noises in combat.
Missiles
 Q - a throwing net
Armour
 n - a +0 pair of gloves (worn)
 p - a +0 pair of boots (worn)
 y - a +1 helmet (worn)
 B - a +0 cloak
 L - the +8 fire dragon scales of the Hidden Vale (worn) {Fly rF++ rC- Dex+2}
   (You bought it in a shop on level 5 of the Dungeon)

   Dex:       It affects your dexterity (+2).
   rF:        It greatly protects you from fire.
   rC:        It makes you vulnerable to cold.
   Fly:       It grants you flight.
 P - a scarf of resistance (worn)
 V - a +0 crystal plate armour of cold resistance
Jewellery
 m - a +5 ring of evasion (left hand)
 r - a ring of wizardry (right hand)
 v - a ring of ice
 w - a +6 ring of intelligence
 C - a ring of fire
 S - a ring of protection from cold
Wands
 a - a wand of flame (11)
 c - a wand of mindburst (13)
 t - a wand of iceblast (5)
Scrolls
 e - 15 scrolls of identify
 f - 2 scrolls of fog
 i - 12 scrolls of teleportation
 j - 6 scrolls of vulnerability
 l - 4 scrolls of silence
 q - a scroll of summoning
 s - 7 scrolls of enchant weapon
 D - 3 scrolls of poison
 F - 4 scrolls of blinking
 H - 2 scrolls of fear
 M - a scroll of amnesia
Potions
 b - 4 potions of magic
 d - 10 potions of curing
 h - 4 potions of brilliance
 k - 6 potions of heal wounds
 o - a potion of berserk rage
 x - 3 potions of ambrosia
 z - a potion of invisibility
 A - 2 potions of flight
 E - 4 potions of cancellation
 G - 2 potions of attraction
 I - 3 potions of resistance
 J - 6 potions of lignification
 K - 3 potions of haste
 O - a potion of degeneration
 R - 2 potions of mutation {unknown}


   Skills:
 + Level 12.7 Fighting
 + Level 10.6 Polearms
 + Level 12.6 Armour
 - Level 2.1 Dodging
 - Level 1.7 Stealth
 + Level 12.7 Spellcasting
 + Level 15.5 Summonings


You had 15 spell levels left.
You knew the following spells:

 Your Spells              Type           Power      Damage    Failure   Level
a - Summon Small Mammal   Summ           100%       N/A       1%          1
e - Summon Lightning Spi  Summ/Air       39%        N/A       4%          4
q - Animate Armour        Summ/Erth      78%        N/A       4%          4
r - Summon Cactus Giant   Summ           30%        N/A       3%          6
t - Call Canine Familiar  Summ           61%        N/A       1%          3
w - Summon Guardian Gole  Hex/Summ       39%        N/A       1%          3
y - Call Imp              Summ           61%        N/A       1%          2

Your spell library contained the following spells:

 Spells                   Type           Power      Damage    Failure   Level
 Summon Forest            Summ/Tloc      19%        N/A       14%         5
 Summon Mana Viper        Hex/Summ       39%        N/A       14%         5
 Cigotuvi's Dreadful Rot  Necr/Pois/Air  22%        N/A       17%         2
 Ensorcelled Hibernation  Hex/Ice        22%        N/A       17%         2
 Passwall                 Tmut/Erth      9%         N/A       17%         2
 Poisonous Vapours        Pois/Air       22%        N/A       17%         2
 Gell's Gravitas          Tloc           11%        N/A       32%         3
 Kindle Blastsparks       Fire/Tloc/Air  22%        2d11      32%         3
 Lesser Beckoning         Tloc           22%        N/A       32%         3
 Mephitic Cloud           Conj/Pois/Air  11%        N/A       32%         3
 Spider Form              Tmut/Pois      11%        N/A       32%         3
 Stone Arrow              Conj/Erth      22%        3d8       32%         3
 Swiftness                Air            11%        N/A       32%         3
 Teleport Other           Tloc           11%        N/A       32%         3
 Anguish                  Hex/Necr       5%         N/A       71%         4
 Fulminant Prism          Conj/Hex       5%         3d7       71%         4
 Iskenderun's Mystic Bla  Conj/Tloc      11%        2d4       71%         4
 Passage of Golubria      Tloc           11%        N/A       71%         4
 Lee's Rapid Deconstruct  Erth           5%         3d6*      96%         5
 Silence                  Hex/Air        5%         N/A       96%         5
 Lehudib's Crystal Spear  Conj/Erth      5%         10d3      100%        8


Dungeon Overview and Level Annotations

Branches:
Dungeon (11/15)            Temple (1/1) D:6            Lair (5/5) D:9
  Swamp (0/4) Lair:2        Snake (0/4) Lair:2        Slime (0/5) Lair:4
    Orc (2/2) D:10        Ossuary (visited)           IceCv (visited)
    Elf: Orc:2

Altars:
Ashenzari
Cheibriados
Dithmenos
Elyvilon
Fedhas
Gozag
Hepliaklqana
Kikubaaqudgha
Makhleb
Nemelex Xobeh
Okawaru
Ru
Sif Muna
Trog
Uskayaw
Vehumet
Wu Jian
Xom
Yredelemnul
Jiyva

Shops:
D:1 ?   D:2 :   D:5 *

Annotations:
D:3 1 runed translucent door, Crazy Yiuf
D:7 exclusion: centaur
D:11 1 runed translucent door, bmack86's ghost, journeyman MiFi
Lair:5 2 transporters, bande's ghost, journeyman GrFi


Innate Abilities, Weirdness & Mutations

You are amphibious.
You cover ground slowly.
You can hop long distances.
You have an extended range of vision and can be seen from far away.


Message History

You are covered in liquid flames!
The deep elf zephyrmancer casts a spell at you.
The bolt of lightning hits you!!
The orc priest invokes the aid of Beogh against you.
Beogh smites you!
The deep elf pyromancer casts a spell.
The deep elf pyromancer blinks!
The deep elf pyromancer casts a spell.
The deep elf zephyrmancer mumbles some strange words.
The deep elf zephyrmancer blinks!
There is a stone staircase leading up, spattered with blood here.
Casting: Summon Lightning Spire (dangerous; 4% risk of failure)
Confirm with . or Enter, or press ? or * to list all spells.
You are covered in liquid flames!
The deep elf zephyrmancer gestures at you while chanting.
The bolt of lightning hits you!!
The deep elf pyromancer gestures at you while chanting.
The bolt of fire hits you. You resist.
An orc warrior comes into view.
It is wielding a +0 battleaxe and quivering silver boomerangs.
The deep elf zephyrmancer casts a spell at you.
The bolt of lightning hits the fire elemental!
The fire elemental resists.
The bolt of lightning hits you!
* * * LOW HITPOINT WARNING * * *
You are covered in liquid flames!
* * * LOW HITPOINT WARNING * * *
The deep elf zephyrmancer gestures wildly while chanting.
The deep elf zephyrmancer blinks!
The orc priest miscasts a cantrip.
The fire elemental hits you. The fire elemental burns you! You resist.
* * * LOW HITPOINT WARNING * * *
The deep elf pyromancer gestures wildly while chanting.
The deep elf pyromancer blinks!
The deep elf zephyrmancer barely misses you.
The deep elf pyromancer gestures wildly while chanting.
The deep elf pyromancer blinks!
The deep elf zephyrmancer gestures at you while chanting.
The bolt of lightning hits the fire elemental!
The fire elemental resists.
The bolt of lightning hits you!!
You die...
Your body crumbles into a pile of gold.

.......................#
...........o.....#....#
..........e...........#
...#.................##
.......#....e...o☼☼...##
......#........e§E#....##
........)......☼§.#.....#
..$.......[.e...E.[.....# .
#..#.....[....e.@.[.....#...
#.........[.....e...#....#..
...##....#.#[.....[)........
..
#....#####.#...[.......... .
##... ###.#.#..##...#.# ###.
#.............## ##
#...#..........#
##...#....#.#.##
#...###.##### #


You could see 3 deep elf pyromancers, 3 deep elf zephyrmancers, 2 fire
elementals, an orc warrior and a friendly animated fire dragon scales
(summoned).

Vanquished Creatures
  A fire dragon (Lair:5)
  A catoblepas (Lair:1)
  A death yak (D:9)
  3 elephants
  A black mamba (Lair:5)
  3 cane toads
  An ice statue (IceCv)
  4 komodo dragons
  A rime drake (Lair:5)
  An ice devil (IceCv)
  6 blink frogs (Lair:5)
  A dream sheep (Lair:4)
  4 yaks
  A wyvern (D:6)
  A basilisk (Lair:5)
  A death yak simulacrum (IceCv)
  3 steam dragons
  3 water moccasins
  5 nameless horrors
  A black bear (D:9)
  2 orc warriors
  An ogre (Orc:1)
  2 wolves (Lair:2)
  A centaur (D:8)
  A kobold brigand (D:9)
  A gnoll sergeant (D:8)
  4 bullfrogs
  A two-headed ogre simulacrum (IceCv)
  A scorpion (D:4)
  A cane toad simulacrum (IceCv)
  6 water moccasin zombies (Ossuary)
  A killer bee (D:9)
  An electric eel (Lair:2)
  4 howler monkeys
  2 hounds (D:5)
  A jelly (Lair:4)
  5 iguanas
  6 orc wizards
  Natasha (D:2)
  A spriggan simulacrum (IceCv)
  A troll simulacrum (IceCv)
  A wolf simulacrum (IceCv)
  A centaur simulacrum (D:9)
  8 gnolls
  2 adders (D:3)
  3 white imps
  An adder zombie (Ossuary)
  A dart slug (D:3)
  16 orcs
  A ball python (D:1)
  3 bats
  3 endoplasms
  A giant cockroach (D:2)
  2 goblins
  A hobgoblin (D:1)
  3 jackals (D:5)
  A quokka (D:1)
  A frilled lizard (D:3)
  2 kobolds
  3 kobold zombies (Ossuary)
  2 orc zombies (Ossuary)
  A rat (D:2)
144 creatures vanquished.

Vanquished Creatures (collateral kills)
  A reaper (IceCv)
  3 hydras
  A boulder beetle (Lair:5)
  A catoblepas (Lair:5)
  Amaemon (D:9)
  A swamp dragon (Lair:5)
  3 bog bodies (Lair:2)
  A wizard (D:11)
  A deep elf zephyrmancer (Orc:2)
  An ugly thing (D:11)
  An oklob plant (Lair:5)
  12 elephants
  Joseph (D:9)
  A black mamba (Lair:4)
  A freezing wraith (IceCv)
  5 cane toads
  4 ice devils (IceCv)
  3 rime drakes
  11 komodo dragons
  A troll (D:11)
  2 polar bears
  9 dream sheep
  10 blink frogs (Lair:5)
  A nameless horror (D:9)
  A wraith (D:11)
  33 yaks
  2 steam dragons (Lair:5)
  A basilisk (Lair:4)
  A vampire mosquito (D:6)
  A swamp worm (Lair:2)
  A warg (Orc:1)
  3 nagas (Lair:2)
  11 water moccasins
  3 orc warriors
  A swamp drake (Lair:5)
  A sky beast (D:7)
  4 black bears
  6 wolves (Lair:2)
  5 ogres
  3 centaurs
  3 necrophages
  2 gnoll sergeants
  4 bullfrogs
  2 water moccasin zombies (Ossuary)
  2 scorpions (D:5)
  3 wights (D:5)
  3 killer bees (D:8)
  2 elephant simulacra (IceCv)
  An electric eel (D:10)
  3 howler monkeys
  A lava snake (D:7)
  5 hounds
  4 jellies
  6 orc priests
  2 gnoll boudas (D:5)
  2 iguanas (Lair:2)
  11 orc wizards
  Natasha (twice) (D:2)
  A troll simulacrum (IceCv)
  3 spriggan simulacra (IceCv)
  2 mummies (Ossuary)
  5 adders
  19 gnolls
  A shadow imp (D:6)
  3 white imps
  2 ufetubi (IceCv)
  An adder zombie (Ossuary)
  2 worms
  2 dart slugs
  47 orcs
  3 ball pythons
  3 bats
  7 endoplasms
  5 giant cockroaches
  4 hobgoblins
  10 jackals (D:5)
  17 kobolds
  4 quokkas
  5 frilled lizards
  7 goblins
  4 hobgoblin zombies (Ossuary)
  3 kobold zombies (Ossuary)
  4 orc zombies (Ossuary)
  2 rats
  A fungus (Lair:3)
378 creatures vanquished.

Vanquished Creatures (others)
  A hydra (Lair:2)
  A manticore (D:11)
  An elephant (Lair:4)
  An ice statue (IceCv)
  An orange demon (D:9)
  A cane toad (Lair:5)
  4 komodo dragons
  2 hornets
  A blink frog (Lair:5)
  A wyvern (Lair:1)
  A dire elephant simulacrum (IceCv)
  7 yaks
  A wraith (D:10)
  2 death yak simulacra (IceCv)
  2 swamp worms (Lair:2)
  Edmund (D:6)
  4 orc warriors
  An ogre (D:5)
  2 wolves (Lair:2)
  A bullfrog (Lair:1)
  A cane toad simulacrum (IceCv)
  6 killer bees
  An iguana (D:5)
  An orc wizard (D:11)
  A troll simulacrum (IceCv)
  2 centaur simulacra (D:9)
  2 gnolls (D:5)
  4 orcs
  52 fungi
  78 plants
  5 toadstools (D:1)
189 creatures vanquished.

Grand Total: 711 creatures vanquished

Notes
Turn   | Place    | Note
-------+----------+-------------------------------------------
     0 | D:1      | whiskeysaurus the Barachi Summoner began the quest for the
                  | Orb.
     0 | D:1      | Reached XP level 1. HP: 13/13 MP: 3/3
    80 | D:1      | Reached skill level 5 in Summonings
   120 | D:1      | Reached XP level 2. HP: 18/19 MP: 0/5
   641 | D:1      | Reached XP level 3. HP: 24/24 MP: 5/7
   941 | D:1      | Found Pikkoh's Magic Scroll Emporium.
   945 | D:1      | Bought a scroll of identify for 22 gold pieces
  1650 | D:2      | Found Aleetodu's Book Shop.
  1675 | D:2      | Noticed Natasha
  1689 | D:2      | Killed Natasha
  1690 | D:2      | Reached XP level 4. HP: 8/30 MP: 7/9
  1697 | D:2      | Learned a level 2 spell: Call Imp
  1701 | D:2      | Learned a level 3 spell: Call Canine Familiar
  1801 | D:2      | Noticed Natasha
  1810 | D:2      | Killed Natasha
  1811 | D:2      | Reached skill level 6 in Summonings
  1824 | D:2      | Noticed Natasha
  1829 | D:2      | Killed Natasha
  1830 | D:2      | Reached XP level 5. HP: 32/35 MP: 5/10
  2505 | D:3      | Found a snail-covered altar of Cheibriados.
  2736 | D:3      | Found a runed translucent door.
  2737 | D:3      | Noticed Crazy Yiuf
  3855 | D:4      | Reached XP level 6. HP: 20/41 MP: 4/12
  4025 | D:4      | Reached skill level 7 in Summonings
  4200 | D:4      | Noticed a black bear
  4211 | D:4      | Killed a black bear
  4212 | D:4      | Reached skill level 5 in Spellcasting
  4413 | D:4      | Reached XP level 7. HP: 46/46 MP: 13/15
  4562 | D:5      | Entered Level 5 of the Dungeon
  4710 | D:5      | Found Jairudgh's Fire Supplies.
  4822 | D:5      | Reached skill level 8 in Summonings
  5163 | D:5      | Reached XP level 8. HP: 52/52 MP: 10/17
  5166 | D:5      | Reached skill level 9 in Summonings
  5491 | D:5      | Learned a level 3 spell: Summon Guardian Golem
  5626 | D:5      | Found a blossoming altar of Fedhas.
  5956 | D:5      | Reached skill level 1 in Fighting
  6367 | D:5      | Reached skill level 1 in Polearms
  7409 | D:5      | Reached skill level 10 in Summonings
  7585 | D:6      | Learned a level 4 spell: Summon Lightning Spire
  7703 | D:6      | Noticed Edmund
  7717 | D:6      | Killed Edmund
  7718 | D:6      | Reached XP level 9. HP: 64/64 MP: 5/20
  7870 | D:6      | Found a staircase to the Ecumenical Temple.
  7954 | Temple   | Entered the Ecumenical Temple
  7977 | Temple   | Became a worshipper of Gozag Ym Sagoz the Greedy
  8428 | D:6      | Found a white marble altar of Elyvilon.
  9365 | D:7      | Found a shadowy altar of Dithmenos.
  9365 | D:7      | Found a bloodstained altar of Trog.
  9365 | D:7      | Found a basalt altar of Yredelemnul.
  9367 | D:7      | Found a radiant altar of Vehumet.
  9367 | D:7      | Found a sacrificial altar of Ru.
  9367 | D:7      | Found a burning altar of Makhleb.
  9368 | D:7      | Found an iron altar of Okawaru.
  9395 | D:7      | Reached skill level 5 in Fighting
  9590 | D:7      | Found a hide-covered altar of Uskayaw.
  9605 | D:7      | Noticed a hornet
  9624 | D:7      | Killed a hornet
  9881 | D:7      | Reached skill level 11 in Summonings
 10091 | D:7      | You fall into a shaft and drop 3 floors!
 10091 | D:10     | Entered Level 10 of the Dungeon
 10190 | D:10     | Reached XP level 10. HP: 76/76 MP: 16/22
 10285 | D:9      | Noticed a death yak
 10302 | D:9      | Reached skill level 5 in Polearms
 10555 | D:9      | Noticed Joseph
 10571 | D:9      | Killed Joseph
 10754 | D:9      | Noticed an orange demon
 10774 | D:9      | Killed an orange demon
 10783 | D:9      | Noticed Amaemon
 10980 | D:8      | Found a sand-covered staircase.
 10985 | Ossuary  | Entered an ossuary
 11755 | D:8      | Reached skill level 12 in Summonings
 12261 | D:5      | Bought the +8 fire dragon scales of the Hidden Vale {Fly
                  | rF++ rC- Dex+2} for 1092 gold pieces
 12441 | D:8      | Reached XP level 11. HP: 23/86 MP: 10/24
 12976 | D:9      | Killed a death yak
 13389 | D:9      | Identified the +3 ring mail of Weceh {Will- Regen+ Dex+8
                  | Slay-4}
 14039 | D:9      | Killed Amaemon
 14040 | D:9      | Reached skill level 10 in Spellcasting
 14403 | D:9      | Found a hazy altar of Hepliaklqana.
 14589 | D:9      | Found a shimmering blue altar of Sif Muna.
 14661 | D:9      | Found a staircase to the Lair.
 15482 | D:10     | Found a staircase to the Orcish Mines.
 15627 | D:11     | Identified a scroll of acquirement
 15630 | D:11     | Acquired 697 gold pieces
 15694 | D:11     | Noticed a boulder beetle
 15695 | D:11     | Noticed a manticore
 15711 | D:11     | Killed a manticore
 15712 | D:11     | Reached skill level 5 in Armour
 16193 | D:11     | Noticed a wizard
 16220 | D:11     | Killed a wizard
 16355 | D:11     | Noticed a brown ugly thing
 16371 | D:11     | Killed a brown ugly thing
 16832 | D:11     | Found a runed translucent door.
 16832 | D:11     | Noticed bmack86's ghost (journeyman MiFi)
 17670 | D:1      | Bought a scroll of teleportation for 33 gold pieces
 17670 | D:1      | Bought a scroll of teleportation for 33 gold pieces
 17670 | D:1      | Bought a scroll of blinking for 82 gold pieces
 17670 | D:1      | Bought a scroll of fear for 44 gold pieces
 17670 | D:1      | Bought a scroll of teleportation for 33 gold pieces
 17918 | Lair:1   | Entered Level 1 of the Lair of Beasts
 18318 | Lair:1   | Noticed a catoblepas
 18348 | Lair:1   | Reached skill level 13 in Summonings
 18348 | Lair:1   | Killed a catoblepas
 18349 | Lair:1   | Reached XP level 12. HP: 67/95 MP: 11/26
 19612 | Lair:2   | Found a staircase to the Snake Pit.
 20368 | Lair:2   | Noticed a six-headed hydra
 20386 | Lair:2   | Killed an 11-headed hydra
 20387 | Lair:2   | Reached skill level 10 in Fighting
 20845 | Lair:2   | Found a staircase to the Swamp.
 21283 | Lair:2   | Found an ornate altar of the Wu Jian Council.
 22242 | D:2      | Bought a book of the Wilderness for 418 gold pieces
 22247 | D:2      | Learned a level 4 spell: Animate Armour
 22757 | Lair:3   | Gained mutation: You can hop long distances. [Barachi
                  | growth]
 22757 | Lair:3   | Reached XP level 13. HP: 103/104 MP: 19/28
 22767 | Lair:3   | Reached skill level 10 in Armour
 22775 | Lair:3   | Reached skill level 14 in Summonings
 24474 | Lair:4   | Learned a level 6 spell: Summon Cactus Giant
 25205 | Lair:4   | Found a viscous altar of Jiyva.
 25205 | Lair:4   | Found a staircase to the Slime Pits.
 25836 | Lair:5   | Entered Level 5 of the Lair of Beasts
 26338 | Lair:5   | Found a transporter.
 26716 | Lair:5   | Noticed bande's ghost (journeyman GrFi)
 27136 | Lair:5   | Found a bloodstained altar of Trog.
 27438 | Lair:5   | Reached XP level 14. HP: 114/114 MP: 23/30
 27614 | Lair:5   | Reached skill level 10 in Polearms
 27714 | Lair:5   | Reached skill level 15 in Summonings
 28894 | Lair:5   | Found a transporter.
 29818 | Orc:1    | Entered Level 1 of the Orcish Mines
 29854 | Orc:1    | Found a frozen archway.
 29864 | IceCv    | Entered an ice cave
 31651 | IceCv    | Noticed a reaper
 31659 | IceCv    | Killed a reaper
 31844 | IceCv    | Found the +8 frozen axe "Frostbite" {freeze, freezing
                  | cloud, *Noise Fly rC+}
 32289 | Orc:2    | Entered Level 2 of the Orcish Mines
 33453 | Orc:2    | Killed from afar by a deep elf zephyrmancer

Illustrated notes

Levels and vault maps discovered:
D:1:      minmay_arrival_four_circles, layout_loops_ring, serial_forest,
          infiniplex_forest_end_2, infiniplex_forest_lined_3,
          infiniplex_forest_corner_2, infiniplex_forest_clump_tiny,
          infiniplex_forest_corner_2, infiniplex_forest_lined_ring,
          infiniplex_forest_end_1, infiniplex_forest_lined_room_3,
          infiniplex_forest_lined_room_2, serial_shops, shop,
          minmay_gold_behind_fungi
D:2:      layout_basic, serial_shops, nicolae_shop_crystal, item_on_display_a,
          uniq_natasha
D:3:      layout_loops_corners, kennysheep_slug_shrine,
          kennysheep_generic_room_5, uniq_crazy_yiuf_cottage
D:4:      layout_cave_pools, minmay_pentomino_pile
D:5:      lemuel_castle_with_subvaults [lemuel_castle_interior_carwin_3],
          layout_basic, fedhas_altar_2, nicolae_shop_fire_sale
          [nicolae_sub_dead_trees], eino_curves_03
D:6:      layout_loops_corners, mainiacjoe_overflow_cross_hatched,
          minmay_temple_entry_hall, minmay_manual_mail, uniq_edmund
D:7:      layout_loops_corners, old_standard_altar, nicolae_uskayaw_suspiria,
          grunt_temple_overflow_open, serial_shops, nicolae_shop_stone,
          minmay_misc_feat_five, centaur_isle
D:8:      layout_loops_ring, nicolae_ossuary_entry_plus
D:9:      layout_loops_ring, nicolae_sif_muna_condensation,
          general_overflow_altar, grunt_lair_entry_orc_guard_hut, serial_ice,
          serial_ice_a, serial_ice_i, serial_ice_h, serial_ice_f,
          mrwooster_statue_mirror, uniq_joseph, uniq_amaemon
D:10:     layout_cave_pools, erik_orc_2, nicolae_figureground_sparkle
D:11:     layout_stronghold, ebering_ghost_reflecting_pool
Temple:   nicolae_temple_godpark
Lair:1:   layout_regular_city
Lair:2:   beast_lair_carwin_large_3, layout_cave_pods,
          nicolae_swamp_entry_splash_gauntlet, guppyfry_snake_entry_island,
          basic_altar
Lair:3:   layout_loops_ring
Lair:4:   layout_regular_city, nicolae_slime_entry_slimehenge,
          grunt_megastairs_3, infiniplex_staircase_pool, lemuel_fruit_tree
Lair:5:   guppyfry_lair_end_dragon, layout_misc_corridors,
          gammafunk_ghost_wrathful_warriors
Orc:1:    layout_caves, portal_ice_cave_entry_pillars_2
Orc:2:    grunt_orc_tribal_feast, layout_caves, elves_outpost_lemuel

Skill      XL: |  1  2  3  4  5  6  7  8  9 10 11 12 13 14 |
---------------+-------------------------------------------+-----
Summonings     | 5 6 7 8 10 11 12 13 14 15 | 15.5
Spellcasting   | 3 4 5 6 7 8 9 10 11 12 | 12.7
Fighting       | 3 5 8 9 10 11 12 | 12.7
Polearms       | 2 4 6 7 8 9 10 | 10.6
Armour         | 6 9 11 12 | 12.6
Dodging        | |  2.1
Stealth        | |  1.7

Action                   |  1- 3 |  4- 6 |  7- 9 | 10-12 | 13-15 || total
-------------------------+-------+-------+-------+-------+-------++-------
Melee: Unarmed           |    13 |       |       |       |       ||    13
       Short sword       |    23 |       |       |       |       ||    23
       Punch             |     1 |       |       |       |       ||     1
       Dagger            |    18 |    19 |       |       |       ||    37
       Halberd           |       |       |   122 |   369 |   342 ||   833
 Cast: Summon Small Mamm |    68 |    39 |    43 |    14 |     2 ||   166
       Call Canine Famil |       |    22 |    38 |    36 |    11 ||   107
       Call Imp          |       |    16 |    29 |    19 |     7 ||    71
       Summon Guardian G |       |       |    38 |   100 |    77 ||   215
       Summon Lightning  |       |       |    26 |    85 |    62 ||   173
       Animate Armour    |       |       |       |     3 |    77 ||    80
       Summon Cactus Gia |       |       |       |       |    32 ||    32
 Abil: Hop               |       |     1 |     5 |     5 |     1 ||    12
  Use: Scroll            |       |     1 |     7 |    13 |     4 ||    25
       Potion            |       |       |       |     4 |       ||     4
 Stab: Distracted        |     1 |     1 |     2 |     6 |     7 ||    17
       Sleeping          |       |       |     2 |       |       ||     2
Armor: Robe              |    12 |     4 |    29 |    26 |       ||    71
       Fire dragon scale |       |       |       |   241 |   211 ||   452
Dodge: Dodged            |    54 |    29 |   155 |   335 |   194 ||   767

Table legend: (Time is in decaauts)
 A = Elapsed time spent in this place.
 B = Non-inter-level travel time spent in this place.
 C = Inter-level travel time spent in this place.
 D = Time resting spent in this place.
 E = Time spent auto-exploring this place.
 F = Levels seen in this place.
 G = Mean time per level.
                   A        B        C        D        E       F      G
               +--------+--------+--------+--------+--------+-----+--------+
         Total |  36349 |  33694 |   2655 |   6908 |  20438 |  21 | 1730.9 |
       Dungeon |  20154 |  17956 |   2198 |   2685 |  11268 |  11 | 1832.2 |
        Temple |     39 |     29 |     10 |      0 |     20 |   1 |   39.0 |
          Lair |  12113 |  11694 |    419 |   2540 |   7584 |   5 | 2422.6 |
  Orcish Mines |   1572 |   1545 |     27 |    830 |    535 |   2 |  786.0 |
       Ossuary |    278 |    278 |      0 |      0 |    150 |   1 |  278.0 |
      Ice Cave |   2190 |   2190 |      0 |    853 |    880 |   1 | 2190.0 |
               +--------+--------+--------+--------+--------+-----+--------+

Top non-repeatable levels by time:
  Lair:2: 3527 daAuts
  Lair:5: 3028 daAuts
  Lair:4: 2927 daAuts
     D:5: 2908 daAuts
     D:9: 2371 daAuts
     D:8: 2346 daAuts
   IceCv: 2190 daAuts
    D:10: 1897 daAuts
     D:6: 1867 daAuts
     D:4: 1640 daAuts
     D:7: 1635 daAuts
     D:3: 1515 daAuts
  Lair:1: 1413 daAuts
     D:2: 1407 daAuts
   Orc:1: 1381 daAuts
